Map: Abiogenesis LE

Players

Draygon - Winner!

  • Race: Terran Terran
  • League: Silver
  • Spawn Location: 5:00

Infamous

  • Race: Protoss Protoss
  • League: Bronze
  • Spawn Location: 11:00

VOD

Have the link to the VOD?

Description

Time

  • Played on: March 10, 2018, 10:44 a.m.
  • Length: 21:11
Show
View Real Time Build Order
Export as new Build Order

Draygon Terran - Winner!

Build Orders:  

Get SALT Encoding   

  12  0:06  SCV  
  13  0:18  SCV  
  14  0:27  Supply Depot  
  14  0:30  SCV  
  15  0:48  SCV  
  16  0:50  Supply Depot  
  16  1:00  SCV, Refinery  
  17  1:13  Supply Depot, SCV  
  18  1:23  Refinery  
  18  1:25  SCV  
  19  1:37  SCV  
  20  1:48  Barracks  
  20  1:49  SCV  
  22  2:01  SCV  
  22  2:06  Barracks  
  22  2:10  Engineering Bay  
  22  2:13  SCV  
  23  2:25  SCV  
  24  2:36  Barracks  
  24  2:37  SCV  
  25  2:49  Bunker, SCV  
  25  2:50  Barracks Reactor  
  26  3:01  SCV  
  27  3:07  Barracks Tech Lab  
  27  3:14  SCV  
  28  3:25  Factory  
  28  3:49  Orbital Command  
  28  3:53  Barracks Reactor  
  28  3:56  Marine x2  
  30  4:07  Missile Turret  
  30  4:14  Marine x2  
  32  4:19  Command Center  
  32  4:28  Bunker, Terran Infantry Weapons Level 1  
  32  4:32  Marine x2  
  34  4:39  Missile Turret  
  34  4:49  Marine x2  
  34  4:50  Combat Shields  
  36  4:57  Factory Tech Lab  
  36  5:09  Starport  
  36  5:39  SCV  
  37  5:51  Missile Turret, SCV  
  38  6:03  Missile Turret, SCV  
  39  6:11  Refinery  
  39  6:12  Siege Tank  
  39  6:15  SCV  
  43  6:22  Refinery, Terran Infantry Armor Level 1  
  43  6:25  Armory  
  43  6:27  SCV  
  43  6:30  Starport Tech Lab  
  44  6:39  SCV  
  45  6:44  Siege Tank  
  48  6:51  SCV  
  49  7:03  SCV  
  50  7:15  SCV  
  51  7:22  Cloaking Field  
  51  7:26  Starport, Terran Ship Weapons Level 1  
  51  7:28  SCV  
  52  7:40  SCV  
  53  7:44  Marine  
  54  7:57  Sensor Tower  
  54  8:13  Sensor Tower  
  54  8:16  Missile Turret  
  54  8:27  Planetary Fortress  
  54  8:33  Missile Turret  
  54  9:02  Command Center  
  54  9:17  Missile Turret  
  54  9:20  Terran Vehicle Weapons Level 1  
  54  9:37  Supply Depot  
  54  9:50  Starport Tech Lab  
  54  9:54  Hyperflight Rotors  
  54  9:58  Marine x5  
  54  9:59  Siege Tank  
  62  10:00  Supply Depot  
  62  10:03  Starport  
  62  10:10  Starport  
  62  10:16  Marine x5  
  67  10:26  SCV  
  68  10:34  Marine x5  
  73  10:38  SCV  
  73  10:42  Refinery  
  74  10:49  Missile Turret  
  74  10:50  Missile Turret, SCV  
  74  10:52  Marine x4  
  79  11:02  Missile Turret, SCV  
  80  11:09  Marine  
  81  11:12  Refinery  
  81  11:14  Terran Vehicle And Ship Armor Level 1  
  81  11:15  SCV  
  82  11:24  Starport Tech Lab x2  
  82  11:27  SCV  
  83  11:39  SCV  
  84  11:44  Stimpack  
  84  11:46  Marine  
  85  12:10  Ghost Academy  
  85  12:29  Supply Depot  
  85  12:40  Ghost Academy  
  85  12:50  Marine x4, Banshee  
  85  12:51  SCV  
  93  13:03  Command Center  
  93  13:08  Terran Ship Weapons Level 2  
  93  13:14  Supply Depot  
  93  13:15  Supply Depot  
  93  13:25  Planetary Fortress  
  93  13:33  Personal Cloaking  
  93  13:34  Nuke  
  93  13:35  Siege Tank, Banshee  
  93  13:37  Banshee x3  
  108  14:14  Siege Tank, Ghost  
  113  14:19  Banshee x2  
  119  14:30  Missile Turret  
  119  14:42  Ghost  
  121  14:51  Missile Turret  
  121  14:54  Refinery  
  121  14:56  SCV  
  121  14:59  Nuke  
  122  15:08  SCV  
  123  15:20  SCV  
  124  15:23  Terran Vehicle Weapons Level 2  
  124  16:32  Nuke  
  124  16:50  Nuke  
  124  16:51  SCV  
  124  17:05  Supply Depot  
  124  17:08  Supply Depot, SCV, Ghost  
  115  17:09  Banshee x2  
  104  17:17  Banshee  
  104  17:18  Banshee  
  97  17:25  Nuke  
  95  17:32  Supply Depot  
  90  17:52  Banshee x2  
  96  18:00  Banshee  
  96  18:01  Banshee  
  81  18:35  Banshee x2  
  87  18:43  Banshee  
  87  18:44  Command Center, Banshee  
  93  18:51  Refinery  
  93  18:54  Planetary Fortress  
  93  18:55  Missile Turret  
  93  19:02  Missile Turret  
  93  19:17  Banshee  
  93  19:18  Banshee  
  99  19:26  Banshee  
  99  19:27  Banshee  
  104  20:01  Banshee  
Show
View Real Time Build Order
Export as new Build Order

Infamous Protoss 

Build Orders:  

Get SALT Encoding   

  12  0:07  Probe  
  13  0:19  Probe  
  14  0:22  Pylon  
  14  0:31  Probe (Chrono Boost)  
  15  0:43  Gateway  
  15  0:53  Probe  
  16  1:06  Probe (Chrono Boost), Assimilator  
  17  1:16  Probe (Chrono Boost)  
  18  1:31  Pylon  
  18  1:34  Cybernetics Core  
  18  1:35  Probe  
  18  1:38  Zealot  
  21  2:05  Probe, Warp Gate (Chrono Boost)  
  22  2:09  Pylon  
  22  2:12  Nexus  
  22  2:14  Zealot  
  24  2:21  Probe  
  25  2:29  Pylon  
  25  2:41  Probe  
  26  2:44  Assimilator  
  26  2:53  Probe  
  26  2:56  Pylon  
  27  3:02  Gateway  
  27  3:10  Gateway  
  27  3:11  Probe  
  28  3:24  Probe, Forge  
  29  3:39  Probe  
  30  3:49  Gateway  
  30  3:55  Assimilator  
  30  4:09  Robotics Facility  
  30  4:12  Protoss Ground Weapons Level 1 (Chrono Boost)  
  30  4:13  Probe  
  31  4:18  Pylon  
  31  4:27  Probe (Chrono Boost)  
  32  4:34  Sentry  
  32  4:35  Sentry  
  32  4:36  Zealot  
  39  4:38  Probe (Chrono Boost)  
  39  4:56  Twilight Council  
  39  4:59  Shield Battery  
  39  5:04  Probe x2  
  41  5:07  Stalker  
  41  5:08  Stalker  
  41  5:10  Zealot  
  47  5:16  Assimilator  
  47  5:17  Probe  
  47  5:19  Probe  
  49  5:27  Observer  
  50  5:55  Templar Archives  
  50  5:57  Zealot  
  50  5:58  Zealot x3  
  58  6:04  Probe  
  58  6:07  Protoss Ground Armor Level 1 (Chrono Boost)  
  58  6:08  Probe  
  60  6:16  Probe  
  61  6:20  Psionic Storm  
  61  6:33  Photon Cannon  
  60  6:50  High Templar  
  60  6:51  High Templar  
  64  6:58  Probe x2  
  66  7:08  Gateway  
  66  7:09  Gateway  
  66  7:13  Probe, Robotics Bay  
  66  7:15  Probe  
  68  7:21  Immortal  
  72  7:34  Pylon  
  72  7:38  Shield Battery  
  72  7:57  Pylon, Colossus  
  72  8:00  Pylon  
  72  8:09  Dark Shrine  
  78  8:16  Protoss Ground Armor Level 2 (Chrono Boost)  
  78  8:19  Robotics Facility  
  78  8:24  Gateway  
  78  8:25  Probe x2, Gateway  
  80  8:27  Gateway  
  80  8:34  Charge  
  80  8:44  Stalker x2  
  80  8:45  Stalker  
  86  8:54  Immortal  
  90  9:24  Stalker x2  
  94  9:36  Pylon  
  94  9:41  Pylon  
  94  9:44  Pylon  
  94  9:47  Pylon  
  94  9:51  Immortal (Chrono Boost)  
  94  9:56  Colossus (Chrono Boost)  
  104  10:04  Extended Thermal Lance (Chrono Boost)  
  104  10:05  Probe x2  
  106  10:42  Warp Prism (Chrono Boost)  
  108  10:44  Probe  
  108  10:45  Probe  
  108  10:48  Sentry  
  108  10:49  Sentry x3  
  118  10:50  Zealot x4  
  126  11:25  Nexus  
  126  11:27  Pylon x2  
  126  11:42  Immortal (Chrono Boost)  
  126  11:44  Archon  
  126  11:45  Protoss Ground Weapons Level 2  
  134  11:50  Probe  
  134  11:51  Probe  
  134  11:52  Immortal (Chrono Boost)  
  134  12:27  Stalker x3  
  134  12:28  Stalker  
  142  12:39  Probe  
  143  12:44  Probe  
  143  12:45  Probe  
  143  12:50  Assimilator  
  145  12:51  Probe  
  145  12:54  Assimilator  
  145  12:56  Probe, Gateway  
  145  12:58  Gateway  
  147  13:00  Gateway  
  147  13:03  Probe  
  148  13:06  Probe  
  148  13:09  Probe  
  150  13:22  Stargate x2  
  150  13:25  Stargate  
  150  13:38  Stalker x3  
  156  13:49  Probe  
  156  13:50  Pylon  
  156  13:55  Pylon  
  157  13:58  Pylon  
  157  14:08  Probe x2, Colossus  
  165  14:12  Colossus, Void Ray x2 (Chrono Boost)  
  179  14:22  Pylon  
  179  14:24  Probe x2  
  181  14:41  Probe  
  182  14:53  Void Ray (Chrono Boost)  
  186  15:47  Nexus  
  186  15:51  Pylon x2  
  186  16:09  Void Ray x2  
  93  17:24  Stalker  
  93  17:25  Stalker x3  
  93  17:26  Stalker x3  
  93  17:35  Observer  
  83  17:49  Stalker x4  
  83  17:50  Stalker x2  
  83  17:51  Stalker  
  81  18:24  Stalker x2  
  81  18:25  Stalker x5  
  81  18:26  Stalker  
  91  18:41  Immortal (Chrono Boost)  
  91  18:42  Immortal (Chrono Boost)  
  95  19:04  Void Ray (Chrono Boost)  
  95  19:05  Void Ray x2 (Chrono Boost)  
  107  19:14  Immortal (Chrono Boost), Colossus (Chrono Boost)  
Tags
 
Add a new tag
Caveats
  • Supply blocks, unpowered buildings, or Contaminate may cause inaccurate times.
  • Supply counts are checked every 10 seconds.